[Event "*** Titled Tuesday Blitz"]
[Site "Chess.com"]
[Date "2020.02.04"]
[Round "1"]
[White "AlexanderKing"]
[Black "Anton_Demchenko"]
[Result "0-1"]
[WhiteElo "2518"]
[BlackElo "2965"]
[TimeControl "180+2"]
[EndTime "9:11:06 PST"]
[Termination "Anton_Demchenko won on time"]

1. d4 Nf6 2. c4 g6 3. Nc3 Bg7 4.
e4 d6 5. Nf3 O-O 6. Be2 e5 7. d5 a5 8. Bg5 Na6 9. Nd2 Qe8 10. h4 h5 11. f3 Nh7 12. Be3 Qe7 13.
g4 Kh8 14. a3 Bd7 15. Nf1 f5 16. gxf5 gxf5 17. Qd2 f4 18. Bf2 Bf6 19. Qc2 Rg8 20.
Nd2 Nf8 21. O-O-O Ng6 22. Rh2 b6 23. b3 Kh7 24. Rdh1 Rg7 25. Qb2 Nc5 26. Kc2 Nh8 27. Ra1 Nf7 28. Qc1 Nh6 29. Qe1 Rag8 30. b4 Nb7 31. Bf1 Ng4 32. fxg4 hxg4 33. Rg2 Be8 34. Be2 Bh5 35. Rg1 Qf7 36. Nf1 Be7 37. Qc1 g3 38. Bxh5 Qxh5 39. Be1 Nd8 40. Nd2 Nf7 41. Qd1 Qg6 42. Nf3 Nh6 43. Qe2 Ng4 44. Bd2 Qh5 45. Rg2 Ra8 46. b5 Rag8 47. a4 Kh8 48. Rh1 Nf2 49. Rhg1 Rg6 50. Nd1 Ng4 51.
Kd3 Kg7 52. Rh1 Kf8 53. Qf1 Ke8 54. Nc3 Kd8 55. Nd1 Kc8 56. Kc2 Nf2 57. Nxf2 Qxf3 58. Nd3 Qxe4 59. Kb3 Qf5 60. Ne1 Rg4 61. Re2 e4 62.
Rg1 f3 63. Re3 Bxh4 64. Nxf3 exf3 65. Rxf3 Qe4 66. Rg2 Kb7 67. Bc3 Bd8 68. Rf7 Rh4 69. Be1 Rh2 70. Rxg3 Rxg3+ 0-1

[Event "*** Titled Tuesday Blitz"]
[Site "Chess.com"]
[Date "2020.02.04"]
[Round "1"]
[White "guna1976"]
[Black "tarantul1"]
[Result "1/2-1/2"]
[WhiteElo "2235"]
[BlackElo "2605"]
[TimeControl "180+2"]
[EndTime "9:11:47 PST"]
[Termination "Game drawn by agreement"]

1. d4 Nf6 2. Nf3 d5 3. Bg5 Nbd7 4. Nbd2 c5 5. e3 Qb6 6. Rb1 e6 7. c3 Bd6 8. Bd3 O-O 9. O-O h6 10. Bxf6 Nxf6 11. Qe2 Bd7 12. dxc5 Bxc5 13. e4 dxe4 14. Nxe4 Be7 15. Ne5 Rfd8 16. Nxf6+ Bxf6 17. Nxd7 Rxd7 18. Rbd1 Rad8 19. a4 g6 20. g3 h5 21. Qc2 Kg7 22. Be2 Bg5 23. Rxd7 Rxd7 24. Rd1 Rxd1+ 25. Bxd1 Qd6 26.
Bf3 b6 27. Qd1 Qc5 28. Kg2 Bf6 29. h4 Qe5 30. Qd2 Be7 31. b4 a5 32. bxa5 Qxa5 33. Qc2 Bc5 34. c4 Bd4 35. Be4 Qe1 36. Bf3 e5 37. Qe2 Qb4 38. Bc6 f5 39. Bb5 Qc3 40.
Qf3 Qd2 41. Qb7+ Kh6 42. Qf3 Bc5 43. Bc6 Kg7 44. Bb5 e4 45. Qf4 Qxf4 46. gxf4 Bd6 47. Kg3 Bb4 48. Bc6 Kf6 49. Be8 Be1 50. Kg2 e3 51.
fxe3 Bxh4 52. Kf3 Kg7 53. Kg2 Be7 54. Kf3 Kf6 55. e4 fxe4+ 56. Kxe4 Bd6 57. Kf3 Bb4 58.
Kg3 Kf5 59. Kf3 Bd2 60. Bd7+ Kf6 61. Be8 Bc1 62. Kg3 Ba3 63. Kf3 Bd6 64. Ke4 h4 65.
Bd7 Ke7 66. Bh3 Bc5 67. Bg4 Kf6 68. Bh3 Ba3 69. Bg4 Bc1 70. Bh3 Ke7 71. Ke5 Be3 72. Ke4 Bd2 73. f5 g5 74. Ke5 Bc3+ 75. Kd5 Bb4 76.
Kc6 Ba5 77. c5 bxc5 78. Kxc5 Kf6 79. Kd5 Be1 80. Ke4 Bc3 81. Kd5 Be1 82. Bg4 Bc3 83. Ke4 1/2-1/2

[Event "*** Titled Tuesday Blitz"]
[Site "Chess.com"]
[Date "2020.02.04"]
[Round "1"]
[White "vlad_Sid"]
[Black "Ceejay271"]
[Result "1-0"]
[WhiteElo "2706"]
[BlackElo "2321"]
[TimeControl "180+2"]
[EndTime "9:12:12 PST"]
[Termination "vlad_Sid won by resignation"]

1. c4 e6 2. g3 d5 3. Bg2 Nf6 4. Nf3 Be7 5. O-O O-O 6. b3 c5 7. Bb2 Nc6 8. e3 d4 9. exd4 cxd4 10. d3 e5 11. Re1 Nd7 12. Na3 f6 13. Nc2 a5 14. Nd2 Nc5 15. Ne4 Ne6 16. a3 f5 17.
Nd2 Nc5 18. Bf1 Na6 19. Nf3 Bf6 20. Rb1 Re8 21. Ba1 Qd6 22. Bg2 Be6 23. Qd2 Rad8 24. Ng5 Bxg5 25. Qxg5 Nc5 26. Qd2 a4 27. bxa4 Ra8 28.
Nb4 Rxa4 29. Nxc6 bxc6 30. Rb6 Bd7 31. Bb2 Qc7 32. Rb4 Raa8 33. f4 exf4 34. Rxe8+ Rxe8 35. Bxd4 Qd6 36. Bxc5 Qxc5+ 37. d4 Qd6 38. Qxf4 Re1+ 39. Kf2 Qe7 40. Bf3 Ra1 41. Rb8+ Kf7 42. Qe5 Qxe5 43. dxe5 Rxa3 44. Rb7 Ke8 45. e6 Bxe6 46. Rxg7 Bxc4 47. Bxc6+ Kf8 48. Rxh7 Ra2+ 49. Ke3 Kg8 50. Rh4 Be6 51. Kf4 Rf2+ 52. Kg5 Kg7 53. Be8 Bd5 54. Bg6 Be4 55.
Rh7+ Kg8 56. Kf6 f4 57. g4 Bxg6 58. Kxg6 Ra2 59. Rc7 Ra6+ 60. Kg5 Ra2 61. h4 f3 62. Rc8+ Kg7 63. Rc7+ Kg8 64. Rc5 f2 65. Rf5 Kg7 66. Rf3 Rb2 67. Kf4 Kg6 68. Kg3 f1=Q 69. Rxf1 Rb4 70.
Rf3 Ra4 71. Rb3 Rc4 72. h5+ Kg5 73. Rb5+ Kh6 74. Kh4 Ra4 75. Rb6+ Kg7 76. h6+ Kh7 77. Kh5 Ra5+ 78. g5 Ra8 79. Rd6 Kg8 80. Rd7 Rb8 81. g6 Rb5+ 82. Kg4 Rb4+ 83. Kf5 Rb5+ 84. Ke6 Rb6+ 85. Rd6 Rb8 86. Ke7 Rb7+ 87. Rd7 1-0

[Event "*** Titled Tuesday Blitz"]
[Site "Chess.com"]
[Date "2020.02.04"]
[Round "1"]
[White "rasmussvane"]
[Black "CrgKrishna"]
[Result "1/2-1/2"]
[WhiteElo "2848"]
[BlackElo "2474"]
[TimeControl "180+2"]
[EndTime "9:14:24 PST"]
[Termination "Game drawn by stalemate"]

1. Nf3 f5 2. d3 d6 3. e4 e5 4.
Nc3 Nc6 5. exf5 Nge7 6. d4 exd4 7. Nxd4 Nxd4 8. Qxd4 Nxf5 9. Qe4+ Qe7 10. Bd3 Qxe4+ 11. Nxe4 d5 12. Ng3 Nh4 13. O-O Bc5 14. Bg5 Ng6 15.
c4 d4 16. Ne4 Be7 17. Rae1 Kf8 18. f4 Bf5 19. Nc5 Bxd3 20. Nxd3 Rd8 21. Re4 b6 22. f5 Bxg5 23. fxg6+ Bf6 24. Nf4 Re8 25. Ne6+ Kg8 26. Ng5 Rxe4 27. Nxe4 hxg6 28. Nxf6+ gxf6 29. Rxf6 c5 30. Rxg6+ Kf7 31. Rg3 Re8 32. Kf2 Kf6 33.
Ra3 Re7 34. h4 Kf5 35. Kf3 Rd7 36. g4+ Ke5 37. Rd3 Rf7+ 38. Kg3 Ke4 39. Rd1 Rf3+ 40. Kg2 Kf4 41. g5 Kg4 42. g6 Rf8 43. Rh1 Kh5 44.
g7 Rg8 45. Kf3 Rxg7 46. Rh2 Re7 47. Kf4 Re1 48. Rg2 Rf1+ 49. Kg3 Rc1 50. b3 Rc3+ 51. Kf4 Kxh4 52. Rh2+ Rh3 53. Rg2 Re3 54. Rh2+ Rh3 55.
Rg2 Rh1 56. Rg7 Kh3 57. Rxa7 Re1 58. Kf3 Kh4 59. Rb7 Re3+ 60. Kf2 Re6 61. Kf3 Kg5 62.
a3 Kf5 63. Kf2 Ke4 64. Ke2 Rh6 65. Re7+ Kf4 66. b4 Rh2+ 67. Kd1 Ra2 68. Re6 Rxa3 69.
Rxb6 Ke3 70. bxc5 Ra1+ 71. Kc2 d3+ 72. Kb2 d2 73. Re6+ Kf4 74. Kxa1 d1=Q+ 75. Kb2 Qd4+ 76.
Kb3 Qxc5 77. Re2 Kf3 78. Rd2 Ke3 79. Rd5 Qc6 80. Kc3 Qa4 81. Rd3+ Ke2 82. Rd5 Qa3+ 83.
Kc2 Ke3 84. Rb5 Kd4 85. Rd5+ Kxc4 86. Rd2 Qa2+ 87. Kd1 Qb1+ 88. Ke2 Qf5 89. Ke1 Qf3 90. Rf2 Qg3 91. Ke2 Kd4 92. Rf3 Qg2+ 93. Rf2 Qh1 94.
Kd2 Qb1 95. Ke2 Ke4 96. Rg2 Qc1 97. Rf2 Qe3+ 98. Kf1 Qg3 99. Ke2 Qd3+ 100. Ke1 Ke3 101. Rf3+ Kxf3 1/2-1/2

[Event "*** Titled Tuesday Blitz"]
[Site "Chess.com"]
[Date "2020.02.04"]
[Round "2"]
[White "Indianlad"]
[Black "ChristopherYoo"]
[Result "1-0"]
[WhiteElo "2898"]
[BlackElo "2607"]
[TimeControl "180+2"]
[EndTime "9:18:18 PST"]
[Termination "Indianlad won by resignation"]

1. e4 c5 2. Nc3 d6 3. f4 Nc6 4.
Nf3 g6 5. Bc4 Bg7 6. O-O e6 7.
d4 cxd4 8. Nb5 Nge7 9. Bb3 a6 10. Nbxd4 Nxd4 11. Nxd4 Nc6 12. c3 Bd7 13. Be3 b5 14. f5 Qe7 15. fxe6 fxe6 16. Nxc6 Bxc6 17. Qg4 Kd7 18. Bxe6+ 1-0

[Event "*** Titled Tuesday Blitz"]
[Site "Chess.com"]
[Date "2020.02.04"]
[Round "2"]
[White "rpragchess"]
[Black "superfast64"]
[Result "1-0"]
[WhiteElo "2815"]
[BlackElo "2337"]
[TimeControl "180+2"]
[EndTime "9:18:44 PST"]
[Termination "rpragchess won by resignation"]

1. Nf3 d5 2. g3 Bf5 3. Bg2 e6 4. O-O Nf6 5. c4 c6 6. cxd5 exd5 7. d3 Bc5 8. Nc3 O-O 9. Qb3 Qb6 10. Qc2 Bd6 11. e4 dxe4 12. dxe4 Bg6 13. Nh4 Nbd7 14. Be3 Qa5 15. Nxg6 hxg6 16. Rad1 Bc5 17. Bd2 Qc7 18. Bf4 Qc8 19. e5 Nh5 20. Bh3 Rd8 21. Bg5 1-0

[Event "*** Titled Tuesday Blitz"]
[Site "Chess.com"]
[Date "2020.02.04"]
[Round "2"]
[White "Lagravesamuell"]
[Black "LastGladiator1"]
[Result "0-1"]
[WhiteElo "2583"]
[BlackElo "2822"]
[TimeControl "180+2"]
[EndTime "9:18:58 PST"]
[Termination "LastGladiator1 won by resignation"]

1. d4 Nf6 2. Nf3 d6 3. Nbd2 Bf5 4. c3 Nbd7 5. Qb3 Nb6 6. a4 a5 7. g3 h6 8. Bg2 Bh7 9. O-O e6 10. Re1 Be7 11. e4 d5 12. exd5 Nfxd5 13. Ne5 O-O 14. Ne4 Rb8 15. Bd2 c6 16. Nc5 Bxc5 17. dxc5 f6 18.
Nf3 Nd7 19. Rxe6 Nxc5 0-1

[Event "*** Titled Tuesday Blitz"]
[Site "Chess.com"]
[Date "2020.02.04"]
[Round "2"]
[White "P-E-T-R-0"]
[Black "marabu44"]
[Result "1-0"]
[WhiteElo "2752"]
[BlackElo "2325"]
[TimeControl "180+2"]
[EndTime "9:19:05 PST"]
[Termination "P-E-T-R-0 won by resignation"]

1. d4 d5 2. c4 e6 3. Nf3 c6 4.
g3 dxc4 5. Bg2 b5 6. Ne5 Bb7 7.
a4 a6 8. O-O Bd6 9. Nc3 Bxe5 10.
dxe5 Qc7 11. Ne4 Nd7 12. Nd6+ Kf8 13. Bf4 Ne7 14. axb5 axb5 15. Rxa8+ Bxa8 16. Qa1 Nb6 17. Be3 Bb7 18. Qa7 Ned5 19. Bc5 Na4 20. Nxb5+ 1-0

[Event "*** Titled Tuesday Blitz"]
[Site "Chess.com"]
[Date "2020.02.04"]
[Round "2"]
[White "AleksanderHnydiuk"]
[Black "WelshTiger"]
[Result "1-0"]
[WhiteElo "2537"]
[BlackElo "2265"]
[TimeControl "180+2"]
[EndTime "9:19:25 PST"]
[Termination "AleksanderHnydiuk won by resignation"]

1. Nf3 c5 2. c4 Nf6 3. d4 cxd4 4.
Nxd4 e5 5. Nb5 d5 6. cxd5 Bb4+ 7. Bd2 Bc5 8. Qc2 Qb6 9. e3 Nxd5 10. N1c3 Nb4 11. Qe4 O-O 12. Na4 Qa5 13. Nxc5 N8c6 14. a3 Rd8 15. Bxb4 Nxb4 16. Qxb4 Qb6 17. Be2 1-0

[Event "*** Titled Tuesday Blitz"]
[Site "Chess.com"]
[Date "2020.02.04"]
[Round "2"]
[White "pedromartinez91"]
[Black "zurzan"]
[Result "1-0"]
[WhiteElo "2405"]
[BlackElo "2002"]
[TimeControl "180+2"]
[EndTime "9:19:29 PST"]
[Termination "pedromartinez91 won by checkmate"]

1. e4 Nf6 2. e5 Nd5 3. d4 d6 4.
c4 Nb6 5. exd6 cxd6 6. Nf3 g6 7. Nc3 Bg7 8. Be2 O-O 9. Be3 Nc6 10. Rc1 Bf5 11. d5 Ne5 12. b3 Nxf3+ 13. Bxf3 Nd7 14. O-O Ne5 15. Be2 Qd7 16. Qd2 h5 17. Rfe1 Ng4 18. Bxg4 Bxg4 19. Bd4 Bxd4 20. Qxd4 a6 21. a4 Rac8 22.
Re3 Rfe8 23. Rce1 e5 24. dxe6 Bxe6 25. Ne4 Qe7 26. Nf6+ Kf8 27. Nd5 Bxd5 28. Qh8# 1-0

[Event "*** Titled Tuesday Blitz"]
[Site "Chess.com"]
[Date "2020.02.04"]
[Round "2"]
[White "WorldChampionBulletChess"]
[Black "AwareIdea"]
[Result "0-1"]
[WhiteElo "2107"]
[BlackElo "2433"]
[TimeControl "180+2"]
[EndTime "9:19:35 PST"]
[Termination "AwareIdea won by resignation"]

1. d4 Nf6 2. c4 e6 3. a3 d5 4. Nf3 Be7 5. Nc3 O-O 6. g4 Nxg4 7. Rg1 Nf6 8. Bh6 Ne8 9. Qc2 f5 10. O-O-O c6 11. Ne5 Rf6 12. Bg5 Rf8 13. Bh6 Nd7 14. f4 Kh8 15. Bg5 Nef6 16. e3 Nxe5 17. dxe5 Ne4 18. Nxe4 fxe4 19. Qg2 Bxg5 20. fxg5 Qc7 21. Qg3 Bd7 22. h4 b5 23. h5 bxc4 24. h6 g6 25. Bh3 Qa5 26. Rgf1 c3 27. Rde1 cxb2+ 28. Kb1 Qxa3 29. Rxf8+ Rxf8 30. Qg2 Qa1+ 31. Kc2 Qxe1 32. Kxb2 Rf2+ 0-1

[Event "*** Titled Tuesday Blitz"]
[Site "Chess.com"]
[Date "2020.02.04"]
[Round "2"]
[White "cholzan"]
[Black "Alexander_Donchenko"]
[Result "0-1"]
[WhiteElo "2498"]
[BlackElo "2731"]
[TimeControl "180+2"]
[EndTime "9:19:45 PST"]
[Termination "Alexander_Donchenko won by resignation"]

1. d4 d5 2. c4 e6 3. Nf3 a6 4. g3 dxc4 5. a4 Nc6 6. Bg2 Rb8 7.
O-O b5 8. Nc3 Nf6 9. Bf4 b4 10.
Nb1 Nd5 11. Qc1 Na5 12. Ne5 Bd6 13. Nxc4 Bxf4 14. gxf4 Nb3 15. Qd1 Nxa1 16. e3 b3 17. Na5 Bd7 18. Nd2 Nc2 19. Ndxb3 Ncb4 20. Nc5 O-O 21.
Qh5 Nc6 22. Nxd7 Qxd7 23. Be4 g6 0-1

[Event "*** Titled Tuesday Blitz"]
[Site "Chess.com"]
[Date "2020.02.04"]
[Round "2"]
[White "GadimbayliA"]
[Black "eCztery"]
[Result "1-0"]
[WhiteElo "2939"]
[BlackElo "2369"]
[TimeControl "180+2"]
[EndTime "9:19:46 PST"]
[Termination "GadimbayliA won by resignation"]

1. e4 c5 2. Nf3 Nc6 3. Bb5 g6 4.
Bxc6 dxc6 5. O-O Bg7 6. d3 b6 7. Nc3 e5 8. h3 Qc7 9. Be3 f5 10. exf5 gxf5 11. Re1 Ne7 12. Qc1 Be6 13. Bh6 Bxh6 14.
Qxh6 Ng6 15. Rxe5 Kd7 16. Qg7+ Ne7 17. Rxe6 Kxe6 18. Re1+ Kd6 19. Qf6+ 1-0

[Event "*** Titled Tuesday Blitz"]
[Site "Chess.com"]
[Date "2020.02.04"]
[Round "2"]
[White "MishkaFighter"]
[Black "masrahi"]
[Result "1-0"]
[WhiteElo "2431"]
[BlackElo "2100"]
[TimeControl "180+2"]
[EndTime "9:19:58 PST"]
[Termination "MishkaFighter won by checkmate"]

1. Nf3 Nf6 2. c4 g6 3. Nc3 Bg7 4. e4 d6 5. d4 O-O 6. Be2 Na6 7. O-O e5 8. Be3 Ng4 9. Bg5 Qe8 10. dxe5 dxe5 11. h3 Nf6 12. Nd5 Nxe4 13. Be7 c6 14.
Bxf8 Qxf8 15. Ne3 f5 16. Qc2 Be6 17. Rfd1 Bf7 18. a3 Nac5 19. b4 Ne6 20. c5 Nf4 21. Bc4 Bf6 22. Rd7 Bxc4 23. Qxc4+ Kh8 24. Rad1 Qh6 25.
Rxb7 g5 26. Rdd7 g4 27. Rxh7+ Qxh7 28. Rxh7+ Kxh7 29. Qf7+ Kh6 30. Nxf5# 1-0

[Event "*** Titled Tuesday Blitz"]
[Site "Chess.com"]
[Date "2020.02.04"]
[Round "2"]
[White "Chessalary"]
[Black "Majkelopulos"]
[Result "0-1"]
[WhiteElo "2161"]
[BlackElo "2468"]
[TimeControl "180+2"]
[EndTime "9:20:11 PST"]
[Termination "Majkelopulos won by resignation"]

1. e4 e5 2. Nf3 Nc6 3. Bc4 Be7 4. d4 d6 5. dxe5 dxe5 6. Qxd8+ Bxd8 7. O-O Nf6 8. Nc3 O-O 9. h3 Nd4 10. Nxe5 Nxc2 11. Rb1 Nd7 12. Nf3 Nb6 13. Bb3 Nb4 14.
a3 Nc6 15. Nd5 Nxd5 16. exd5 Ne7 17. Bf4 Nf5 18. g4 Nd6 19. Bxd6 cxd6 20. Nd2 f5 21. f3 b5 22. Rbc1 Bd7 23. Kg2 Bg5 24. f4 Bf6 25.
Rc7 Rf7 26. Bc2 Bxb2 27. gxf5 Bxa3 28. f6 Bxh3+ 0-1

[Event "*** Titled Tuesday Blitz"]
[Site "Chess.com"]
[Date "2020.02.04"]
[Round "2"]
[White "DevikBronstein"]
[Black "Manukyan_Artak"]
[Result "1-0"]
[WhiteElo "2726"]
[BlackElo "2337"]
[TimeControl "180+2"]
[EndTime "9:20:29 PST"]
[Termination "DevikBronstein won by resignation"]

1. e4 c6 2. d4 d5 3. e5 Bf5 4. Nf3 e6 5. Be2 h6 6. O-O Nd7 7. Nbd2 Ne7 8. Nb3 Nc8 9. a4 a5 10. Bd2 Be7 11. c4 dxc4 12. Bxc4 Ncb6 13. Bxa5 Qc8 14. Bd3 Bxd3 15. Qxd3 Nd5 16. Bd2 O-O 17. Qe4 Ra6 18. Qg4 Kh7 19. Rfe1 Qa8 20. a5 c5 21. dxc5 Nxc5 22. Nxc5 Bxc5 23. Qh5 b6 24. Ng5+ Kg8 25. Ne4 Be7 26. Rad1 bxa5 27. Bxh6 gxh6 28. Qxh6 Rd8 29. Rd3 Nf4 30. Rg3+ Ng6 31. Nf6+ Bxf6 32. exf6 1-0

[Event "*** Titled Tuesday Blitz"]
[Site "Chess.com"]
[Date "2020.02.04"]
[Round "2"]
[White "MikeSailer"]
[Black "GMMatamoros"]
[Result "0-1"]
[WhiteElo "2081"]
[BlackElo "2424"]
[TimeControl "180+2"]
[EndTime "9:20:31 PST"]
[Termination "GMMatamoros won by checkmate"]

1. Nf3 Nf6 2. b4 g6 3. Bb2 Bg7 4. c4 O-O 5. e3 d6 6. Be2 e5 7.
O-O Nbd7 8. d4 e4 9. Nfd2 Re8 10. Nc3 Nf8 11. Qc2 Bf5 12. a4 h5 13. a5 N8h7 14. b5 Ng4 15. Nd5 Qh4 16. Bxg4 hxg4 17. g3 Qh6 18. Nxc7 Ng5 19. Nxe8 Qh3 20. f4 exf3 21. Ne4 Bxe4 22. Qf2 Rxe8 23. d5 Qg2+ 24. Qxg2 fxg2 25. Rf2 Nh3# 0-1

[Event "*** Titled Tuesday Blitz"]
[Site "Chess.com"]
[Date "2020.02.04"]
[Round "2"]
[White "Tjktiger"]
[Black "Gahan-MG"]
[Result "1-0"]
[WhiteElo "2748"]
[BlackElo "2429"]
[TimeControl "180+2"]
[EndTime "9:20:34 PST"]
[Termination "Tjktiger won by resignation"]

1. c4 Nf6 2. Nc3 d5 3. cxd5 Nxd5 4. g3 g6 5. Bg2 Nb6 6. d3 Bg7 7. Be3 O-O 8. Qd2 Re8 9. h4 h5 10. Nf3 Nc6 11. Bh6 Bf6 12. Ne4 Bh8 13. Rc1 Bg4 14. Nfg5 Nd4 15. f3 Bf5 16. g4 hxg4 17. fxg4 Bxg4 18. h5 gxh5 19. Nxf7 Kxf7 20. Ng5+ Kg6 21.
Be4+ Nf5 22. Ne6 Qd6 23. Qg5+ Kf7 24. Bxf5 Bxf5 25. Qxf5+ Bf6 26. Ng5+ 1-0

[Event "*** Titled Tuesday Blitz"]
[Site "Chess.com"]
[Date "2020.02.04"]
[Round "2"]
[White "INDIAN-ELEPHANT"]
[Black "albi1999"]
[Result "0-1"]
[WhiteElo "2709"]
[BlackElo "2501"]
[TimeControl "180+2"]
[EndTime "9:20:38 PST"]
[Termination "albi1999 won by resignation"]

1. d4 Nf6 2. Nf3 d5 3. c4 e6 4. g3 dxc4 5. Bg2 c5 6. O-O Nc6 7. dxc5 Qxd1 8. Rxd1 Bxc5 9. Nbd2 c3 10. bxc3 O-O 11. Nb3 Be7 12. Nfd4 Bd7 13. Bg5 Rfd8 14. Bxf6 gxf6 15. Nxc6 Bxc6 16. Bxc6 bxc6 17. Rd4 f5 18. Rad1 Kf8 19. Na5 c5 20. Rxd8+ Rxd8 21. Rxd8+ Bxd8 22. Nc6 Bb6 23. c4 Ke8 24. Ne5 Bc7 25.
Nd3 Bd6 26. f4 Kd7 27. Kf2 Kc6 28. Kf3 Kb6 29. e4 fxe4+ 30. Kxe4 f5+ 31. Ke3 Ka5 32. Kd2 Ka4 33. Kc2 Ka3 34. Kb1 h5 35. Nb2 Kb4 36.
Kc2 Ka3 37. Nd1 e5 38. Nc3 a6 39. Nd5 exf4 40. gxf4 Kxa2 41. h3 Ka3 42. Kc3 a5 43. Ne3 Bxf4 44. Nxf5 Be5+ 45. Kc2 Kb4 46. Kd3 a4 47.
Ne3 Kb3 0-1

[Event "*** Titled Tuesday Blitz"]
[Site "Chess.com"]
[Date "2020.02.04"]
[Round "2"]
[White "IAgrest"]
[Black "NiranjanNavalgund"]
[Result "0-1"]
[WhiteElo "1772"]
[BlackElo "2390"]
[TimeControl "180+2"]
[EndTime "9:20:40 PST"]
[Termination "NiranjanNavalgund won on time"]

1. e4 e5 2. Nf3 Nc6 3. Bb5 g6 4. c3 a6 5. Ba4 Bg7 6. O-O d6 7. d4 Bd7 8. Re1 Nf6 9. Nbd2 b5 10. Bb3 O-O 11. Nf1 Qb8 12. h3 h6 13. Ng3 Kh7 14. Be3 Qe8 15. dxe5 Nxe5 16. Nxe5 dxe5 17.
Bc5 Rh8 18. Qe2 Be6 19. Rad1 Qc6 20. Qe3 Rhd8 21. Ba3 h5 22. Qe2 h4 23. Nf1 Rxd1 24. Bxd1 Bxa2 25. b3 Qxc3 0-1

[Event "*** Titled Tuesday Blitz"]
[Site "Chess.com"]
[Date "2020.02.04"]
[Round "2"]
[White "EugeneRougon"]
[Black "Harry_Rakkel"]
[Result "1-0"]
[WhiteElo "2742"]
[BlackElo "2531"]
[TimeControl "180+2"]
[EndTime "9:20:52 PST"]
[Termination "EugeneRougon won on time"]

1. e4 c5 2. Nf3 d6 3. d4 cxd4 4. Nxd4 Nf6 5. Nc3 a6 6. Be3 e6 7. Be2 Be7 8. f4 O-O 9. g4 Nfd7 10. g5 b5 11. a3 Bb7 12. Qd2 Nc6 13. h4 Rc8 14. h5 Nb6 15. O-O-O Na5 16. g6 Nac4 17. gxf7+ Kxf7 18. Bxc4 Nxc4 19. Qe2 Nxa3 20. h6 1-0

[Event "*** Titled Tuesday Blitz"]
[Site "Chess.com"]
[Date "2020.02.04"]
[Round "2"]
[White "1995Tiger"]
[Black "MusicCityMaster"]
[Result "0-1"]
[WhiteElo "2087"]
[BlackElo "2427"]
[TimeControl "180+2"]
[EndTime "9:21:23 PST"]
[Termination "MusicCityMaster won on time"]

1. c4 e5 2. Nc3 Nc6 3. g3 f5 4. Bg2 Nf6 5. e3 d5 6. Nxd5 Nxd5 7. cxd5 Nb4 8. d3 Nxd5 9. Ne2 Nf6 10. O-O Bd6 11.
d4 e4 12. Qb3 c6 13. Bd2 Qe7 14. Nf4 g5 15. Ne2 Be6 16. Qc2 h5 17. f3 h4 18.
fxe4 hxg3 19. Nxg3 Qh7 20. h3 Bxg3 21. exf5 Bd5 22. e4 Bxe4 23. Bxe4 Qxh3 24. Bxc6+ Kf7 25. Qb3+ Kg7 26. Qxb7+ Kh6 27. Rf3 Qh2+ 28. Kf1 Qh1+ 29. Ke2 Rhe8+ 30. Bxe8 Rxe8+ 31. Kd3 Qxa1 32. Rxg3 Qb1+ 33.
Kc3 Ne4+ 34. Kb3 Nxd2+ 0-1

[Event "*** Titled Tuesday Blitz"]
[Site "Chess.com"]
[Date "2020.02.04"]
[Round "2"]
[White "DanielNaroditsky"]
[Black "Elshan1985"]
[Result "1-0"]
[WhiteElo "3132"]
[BlackElo "2689"]
[TimeControl "180+2"]
[EndTime "9:21:25 PST"]
[Termination "DanielNaroditsky won by resignation"]

1. b3 Nf6 2. Bb2 g6 3. Nf3 Bg7 4. g3 d6 5. d4 a5 6. a3 O-O 7. Bg2 Nc6 8. d5 Nb8 9. c4 e5 10. dxe6 fxe6 11. O-O Nbd7 12. Nc3 Nc5 13. b4 axb4 14.
axb4 Rxa1 15. Bxa1 Na6 16. Qb3 Qe7 17. Bb2 Nd7 18. Rd1 Ne5 19. Nxe5 Bxe5 20. Ne4 Bxb2 21. Qxb2 e5 22. b5 Nb8 23. b6 Rd8 24. c5 dxc5 25. Rxd8+ Qxd8 26. Qxe5 Nc6 27. Nf6+ Kh8 28. Bxc6 1-0

[Event "*** Titled Tuesday Blitz"]
[Site "Chess.com"]
[Date "2020.02.04"]
[Round "2"]
[White "karinachess1"]
[Black "secretsuperstar7"]
[Result "1-0"]
[WhiteElo "2510"]
[BlackElo "2240"]
[TimeControl "180+2"]
[EndTime "9:21:37 PST"]
[Termination "karinachess1 won by resignation"]

1. Nf3 d5 2. c4 d4 3. e3 c5 4.
b4 Nc6 5. b5 Nb8 6. Bb2 e5 7.
Nxe5 Bd6 8. Nf3 Nf6 9. Be2 dxe3 10. dxe3 O-O 11. O-O Bg4 12. Nbd2 Nbd7 13. Qc2 h6 14.
Rad1 Qc7 15. h3 Bh5 16. Ne4 Nxe4 17. Qxe4 Rae8 18. Qd5 Bxf3 19. Bxf3 Re6 20. Qxb7 Ne5 21.
Bxe5 Bxe5 22. Qxc7 Bxc7 23. Rd7 Bb6 24. Rfd1 g5 25. a4 Kg7 26. Rb7 Kg6 27. Rdd7 h5 28. Bd5 Rf6 29. g4 hxg4 30. hxg4 Ba5 31. Rxa7 Be1 32.
f3 Bd2 33. Be4+ Kh6 34. Rxd2 1-0

[Event "*** Titled Tuesday Blitz"]
[Site "Chess.com"]
[Date "2020.02.04"]
[Round "2"]
[White "artooon"]
[Black "RoelandPruijssers"]
[Result "0-1"]
[WhiteElo "2809"]
[BlackElo "2603"]
[TimeControl "180+2"]
[EndTime "9:21:40 PST"]
[Termination "RoelandPruijssers won by resignation"]

1. e4 d5 2. exd5 Qxd5 3. Nc3 Qa5 4. d4 Nf6 5. Nf3 Bf5 6. Bc4 e6 7. Bd2 Bb4 8. a3 Bxc3 9. Bxc3 Qb6 10. Bb4 Nc6 11. Bc5 Qxb2 12. O-O Qxc2 13. Qxc2 Bxc2 14. Ne5 Nxe5 15. dxe5 Nd7 16. Bd4 Ke7 17. f3 Rhd8 18. Rfc1 Ba4 19. Kf2 c5 20. Bc3 Nb6 21. Ba2 Nd5 22. Bd2 b6 23. Rc4 Bb5 24. Rg4 Kf8 25.
Bg5 Rd7 26. Rc1 Rc8 27. a4 Bd3 28. Bd2 Bf5 29. Rgc4 Bd3 30. Rh4 h6 31. g4 Ne7 32.
g5 Ng6 33. Rh3 Bf5 34. gxh6 Rxd2+ 35. Ke3 Rxa2 36. Rh5 Rd8 37. hxg7+ Kxg7 38. Rxf5 exf5 0-1

[Event "*** Titled Tuesday Blitz"]
[Site "Chess.com"]
[Date "2020.02.04"]
[Round "2"]
[White "norwaytoadog"]
[Black "Bryakin_Mikhail"]
[Result "0-1"]
[WhiteElo "2315"]
[BlackElo "2733"]
[TimeControl "180+2"]
[EndTime "9:21:51 PST"]
[Termination "Bryakin_Mikhail won by resignation"]

1. e4 c6 2. d4 d5 3. e5 Bf5 4.
Nf3 e6 5. Be2 Nd7 6. O-O Bg6 7.
Nbd2 Nh6 8. Nb3 Nf5 9. a4 h5 10. Bd2 Be7 11. a5 h4 12. h3 Rc8 13.
Ne1 c5 14. a6 b6 15. Bb5 c4 16. Nc1 Nxd4 17. Bxd7+ Qxd7 18. Bf4 Nc6 19. Nf3 f6 20. Ne2 Kf7 21. Re1 Bc5 22. Ned4 Nxd4 23. Nxd4 Rce8 24.
c3 Bd3 25. exf6 gxf6 26. Qg4 Bxd4 27. cxd4 Reg8 28. Qf3 Be4 29. Rxe4 dxe4 30. Qxe4 Qd5 31. f3 Qxe4 32. fxe4 Rh5 33. Bc7 Rc8 34. Bd6 Rb5 35. Ba3 Ra5 36. d5 Rxa6 37. Rd1 b5 38. Bb4 Ra4 39.
Bc3 b4 40. Be1 c3 41. bxc3 bxc3 42. dxe6+ Kxe6 43. Bxh4 c2 44. Rc1 Rxe4 45. Bf2 a5 46. h4 Rb4 47. h5 Rb1 48. Be3 Rxc1+ 49. Bxc1 Rb8 50. h6 Kf7 0-1

[Event "*** Titled Tuesday Blitz"]
[Site "Chess.com"]
[Date "2020.02.04"]
[Round "2"]
[White "Endgamegenius"]
[Black "ShimanovAlex"]
[Result "0-1"]
[WhiteElo "2330"]
[BlackElo "2756"]
[TimeControl "180+2"]
[EndTime "9:21:52 PST"]
[Termination "ShimanovAlex won by resignation"]

1. e4 c5 2. Nf3 b6 3. d4 cxd4 4. Nxd4 Bb7 5. Nc3 e6 6. Bc4 a6 7.
O-O Qc7 8. Bb3 Nf6 9. Qe2 Bc5 10. Nf3 Nc6 11. Bg5 Ng4 12. g3 h5 13. Bf4 Nce5 14.
Nxe5 Nxe5 15. h4 f6 16. Rad1 O-O-O 17. Na4 g5 18. hxg5 fxg5 19. Be3 h4 20. Bxc5 bxc5 21.
f4 gxf4 22. gxf4 Rdg8+ 23. Kh1 Rg3 24. fxe5 Qxe5 25. Nb6+ Kc7 26. Rxd7+ Kxb6 27. Rxb7+ Kxb7 0-1